 Dungeon Crawl Stone Soup version 0.24.0-37-gcf1ca852f1 (webtiles) character file.

Game seed: 17009001303205611939, levelgen mode: deterministic

65333 TheNamelessOne the Fencer (level 15, -2/122 HPs)
             Began as a Formicid Fighter on Dec 3, 2019.
             Was a High Priest of Ru.
             Killed by the air
             ... invoked by Sojobo the titan
              (20 damage)
             ... on level 1 of the Depths.
             The game lasted 00:55:00 (17875 turns).

TheNamelessOne the Fencer (Formicid Fighter)       Turns: 17875, Time: 00:55:01

Health: -2/122     AC: 23    Str: 31    XL:     15   Next: 57%
Magic:  15/15      EV:  9    Int:  9    God:    Ru [*****.]
Gold:   276        SH: 12    Dex: 10    Spells: 14/14 levels left

rFire    + . .     SeeInvis +   S - +11 plutonium sword {*Contam Stlth-}
rCold    + . .     Gourm    .   c - +0 shield
rNeg     . . .     Faith    +   t - +4 chain mail
rPois    +         Spirit   .   (helmet unavailable)
rElec    +         Reflect  .   I - +2 cloak
rCorr    +         Harm     .   (no gloves)
MR       +....                  k - +2 pair of boots {run}
Stlth    ..........             b - amulet of faith
HPRegen  0.30/turn              (no ring)
MPRegen  0.14/turn              z - ring of poison resistance

@: mighty, exhausted, resistant, no scrolls, drained, quick
A: permanent stasis, dig shafts and tunnels, four strong arms, antennae 3,
subdued magic 1, inability to read while threatened, no stealth, hated by all,
unskilled 1
a: Dig, Shaft Self, Draw Out Power, Power Leap, Apocalypse, Renounce Religion


You were on level 1 of the Depths.
You worshipped Ru.
Ru was extremely pleased with you.
You were hungry.

You visited 3 branches of the dungeon, and saw 17 of its levels.
You also visited: Bailey.

You collected 1276 gold pieces.
You spent 1000 gold pieces at shops.

Inventory:

Hand Weapons
 D - a +0 long sword
 K - a +5 falchion of venom
 S - the +11 plutonium sword (weapon) {*Contam Stlth-}
   (You bought it in a shop on level 5 of the Dungeon)

   It causes magical contamination when unequipped.
   It makes you less stealthy.
Armour
 c - a +0 shield (worn)
 k - a +2 pair of boots of running (worn)
 o - the +4 fire dragon scales "Nyxokoko" {*Contam +Fly rF++ rC- rCorr Dex+7}
   (You found it in a bailey)

   It affects your dexterity (+7).
   It greatly protects you from fire.
   It makes you vulnerable to cold.
   It lets you fly.
   It causes magical contamination when unequipped.
   It provides partial protection from all sources of acid and corrosion.
 t - a +4 chain mail (worn)
 u - the +2 pair of boots of the Assassin {Detection Stab+ Stlth++}
   (You found it in a bailey)

   It makes you much more stealthy.
 I - a +2 cloak (worn)
Jewellery
 b - an amulet of faith (around neck)
 z - a ring of poison resistance (right hand)
 G - an uncursed ring of fire
 N - an uncursed ring of protection from magic
Wands
 i - a wand of polymorph (12)
 y - a wand of paralysis (11)
 L - a wand of digging (7)
 M - a wand of flame (13)
 O - a wand of clouds (3)
Scrolls
 a - a scroll of amnesia
 g - 2 scrolls of immolation
 r - 9 scrolls of remove curse
 s - 3 scrolls of enchant armour
 w - a scroll of fog
 x - a scroll of holy word
 B - 5 scrolls of magic mapping
 E - a scroll of fear
 P - 3 scrolls of enchant weapon
Potions
 h - a potion of magic {unknown}
 j - 2 potions of lignification
 m - 4 potions of brilliance
 n - 2 potions of agility
 q - a potion of resistance
 v - a potion of invisibility
 A - a potion of berserk rage
 C - a potion of degeneration
 H - 2 potions of mutation {unknown}
Miscellaneous
 p - a lightning rod (2/4)
 J - a lamp of fire (inert)
Comestibles
 f - 39 rations


   Skills:
 + Level 12.9(12.2) Fighting
 * Level 15.2(14.5) Long Blades
   Level 5.1(4.5) Axes
 + Level 13.0(12.2) Armour
 - Level 9.1(8.5) Shields


You had 14 spell levels left.
You didn't know any spells.
Your spell library contained the following spells:

 Spells                   Type           Power        Failure   Level  Hunger
 Confusing Touch          Hex            #.....       80%         1    ##.....
 Freeze                   Ice            #...         80%         1    ##.....
 Throw Frost              Conj/Ice       #.....       91%         2    ###....
 Confuse                  Hex            #.......     99%         3    ####...
 Gell's Gravitas          Tloc           #.........   99%         3    ####...
 Ozocubu's Armour         Chrm/Ice       #.......     99%         3    ####...
 Petrify                  Tmut/Erth      #.......     100%        4    #####..
 Throw Icicle             Conj/Ice       #.......     100%        4    #####..
 Irradiate                Conj/Tmut      #.........   100%        5    ######.
 Metabolic Englaciation   Hex/Ice        #.........   100%        5    ######.
 Yara's Violent Unravell  Hex/Tmut       #.........   100%        5    ######.
 Hydra Form               Tmut           #.........   100%        6    #######
 Statue Form              Tmut/Erth      #........    100%        6    #######
 Dragon Form              Tmut           #.........   100%        7    #######
 Summon Ice Beast         Ice/Summ       Unusable     N/A         4    N/A

Dungeon Overview and Level Annotations

Branches:
Dungeon (15/15)            Temple (1/1) D:5            Lair (0/6) D:9
    Orc (0/2) D:12         Vaults (0/5) D:13         Depths (1/5) D:15
 Bailey (visited)

Altars:
Ashenzari
Cheibriados
Dithmenos
Elyvilon
Fedhas
Gozag
Hepliaklqana
Kikubaaqudgha
Makhleb
Nemelex Xobeh
Okawaru
Qazlal
Ru
Sif Muna
Trog
Uskayaw
Vehumet
Wu Jian
Xom
Yredelemnul
Zin
The Shining One

Shops:
D:5 (   D:9 (%[[   D:10 *   D:15 [

Annotations:
Depths:1 Sojobo


Innate Abilities, Weirdness & Mutations

You cannot be hasted, slowed, berserked, paralysed or teleported.
You can dig through walls and to a lower floor.
Your four strong arms can wield two-handed weapons with a shield.
You have a pair of large antennae on your head. (SInv)
You cannot read scrolls while threatened.
You cannot be stealthy.
You are hated by all.
You are somewhat unskilled. (-1 Apt)
Your spells are a little easier to cast, but a little less powerful.


Message History

Unknown command.
Okay, then.
Evoke which item? (* to show all) (? for menu, Esc to quit)
Okay, then.
Okay, then.
Press: ? - help, v - describe, . - travel, g - get item
Here: Sojobo the titan (lightly wounded)
A +3 great sword of protection.
There is something else lying underneath.
The floor, spattered with blood.
Unknown command.
You feel better. Sojobo hits you but does no damage.
Unknown command.
Evoke which item? (* to show all) (? for menu, Esc to quit)
Okay, then.
You feel very mighty all of a sudden.
A brief shower of sparks shoots from Sojobo's claws.
Sojobo waves its arms in wide circles.
The air twists around and strikes you!!
You die...

# .. #. ##.######
#....^#@##
#.....##C#
#....{#{##
#......######
#.[..Q......#.
#.##...[....*....
#........)..Q....
######.<.........
#...........


You could see Sojobo the titan.

Vanquished Creatures
  A tengu reaver (Depths:1)
  A stone giant (Depths:1)
  Azrael (D:15)
  A fire dragon (D:15)
  An ice dragon (D:15)
  A hydra (D:8)
  A rakshasa (Depths:1)
  A death knight (D:14)
  2 centaur warriors
  Erolcha (D:11)
  3 vault guards (D:13)
  3 death yaks
  A tengu warrior (D:15)
  6 two-headed ogres
  A deep troll shaman (Depths:1)
  4 skeletal warriors
  2 deep trolls (Depths:1)
  2 iron trolls (Depths:1)
  An unseen horror (D:13)
  2 wizards (D:13)
  3 orc knights
  An orc sorcerer (D:15)
  3 cyclopes
  2 manticores
  A deep elf mage (D:12)
  14 ugly things
  A faun (shapeshifter) (D:15)
  An elephant (D:15)
  2 kobold demonologists
  A komodo dragon (D:15)
  2 freezing wraiths (D:15)
  A yaktaur (D:13)
  3 meliai (D:14)
  6 trolls
  A harpy skeleton (D:15)
  3 hornets
  8 slime creatures
  4 hippogriffs
  2 dream sheep (D:7)
  A blink frog (shapeshifter) (D:14)
  A shadow (D:14)
  A hog (D:7)
  A water elemental (D:14)
  Grum (D:8)
  4 fire elementals (D:15)
  26 yaks
  A steam dragon (D:9)
  2 wraiths
  A wyvern (D:15)
  7 hungry ghosts
  21 humans
  A basilisk (D:15)
  12 vampire mosquitoes
  A water moccasin (D:11)
  A hell hound (D:15)
  13 orc warriors
  A porcupine (D:9)
  4 sky beasts
  A hornet zombie (D:15)
  2 ice beasts
  2 black bears
  2 phantoms (D:10)
  5 ogres
  2 eyes of draining
  4 wolves (D:8)
  15 centaurs
  A crocodile (D:12)
  7 big kobolds
  2 gnoll sergeants
  7 bullfrogs
  6 scorpions
  14 killer bees
  9 howler monkeys
  6 crimson imps
  2 bullfrog zombies
  3 quasits
  A centaur zombie (D:7)
  6 hounds
  A jelly (D:9)
  15 orc priests
  Crazy Yiuf (D:7)
  8 centaur skeletons
  7 iguanas
  Ijyb (D:4)
  Terence (D:3)
  14 worker ants
  Natasha (thrice) (D:3)
  21 orc wizards
  3 hell rats (D:9)
  A killer bee zombie (D:5)
  2 hound zombies
  A hound skeleton (D:8)
  A worker ant zombie (D:6)
  10 gnolls
  17 adders
  2 river rats (D:9)
  A shadow imp (D:15)
  2 oozes (D:1)
  An adder zombie (D:5)
  2 adder skeletons
  A worm (D:4)
  4 dart slugs
  4 leopard geckos
  70 orcs
  A ball python (D:2)
  5 bats (D:1)
  6 giant cockroaches
  2 goblins (D:7)
  11 hobgoblins
  7 jackals
  26 kobolds
  9 quokkas
  10 frilled lizards
  A jackal zombie (D:7)
  2 leopard gecko skeletons
  A quokka skeleton (D:8)
  8 rats
575 creatures vanquished.

Vanquished Creatures (others)
  A skeletal warrior (D:13)
  An unseen horror (D:15)
  3 slime creatures
  A jelly (D:9)
  An orc priest (D:12)
  A shadow imp (D:12)
  An orc (D:13)
  A kobold (D:11)
10 creatures vanquished.

Grand Total: 585 creatures vanquished

Notes
Turn   | Place    | Note
-------+----------+-------------------------------------------
     0 | D:1      | TheNamelessOne the Formicid Fighter began the quest for the
                  | Orb.
     0 | D:1      | Reached XP level 1. HP: 18/18 MP: 1/1
    97 | D:1      | Reached XP level 2. HP: 24/24 MP: 2/2
   290 | D:1      | Reached XP level 3. HP: 25/29 MP: 3/3
   312 | D:1      | Identified a +2 pair of boots of running (You found it on
                  | level 1 of the Dungeon)
   996 | D:2      | Reached XP level 4. HP: 28/37 MP: 4/4
  1211 | D:2      | You fall into a shaft and drop 2 floors!
  1234 | D:4      | Reached XP level 5. HP: 42/42 MP: 5/5
  1303 | D:4      | Reached XP level 6. HP: 21/48 MP: 6/6
  1777 | D:3      | Noticed Ijyb
  1785 | D:4      | Killed Ijyb
  1911 | D:4      | Reached skill level 5 in Shields
  1984 | D:4      | Reached XP level 7. HP: 50/55 MP: 7/7
  2371 | D:3      | Noticed Natasha
  2385 | D:3      | Killed Natasha
  2396 | D:3      | Noticed Natasha
  2399 | D:3      | Noticed Terence
  2405 | D:3      | Killed Natasha
  2409 | D:3      | Killed Terence
  2409 | D:3      | Reached skill level 5 in Axes
  2604 | D:3      | Noticed a hungry ghost
  2642 | D:3      | Killed a hungry ghost
  2642 | D:3      | Reached skill level 5 in Fighting
  2642 | D:3      | Reached skill level 5 in Armour
  2780 | D:3      | Noticed Natasha
  2787 | D:3      | Killed Natasha
  2787 | D:3      | Reached XP level 8. HP: 62/62 MP: 8/8
  2877 | D:5      | Entered Level 5 of the Dungeon
  2963 | D:5      | Found Yraudd's Weapon Shoppe.
  2978 | D:5      | Found a staircase to the Ecumenical Temple.
  3249 | Temple   | Entered the Ecumenical Temple
  3354 | Temple   | Became a worshipper of Ru the Awakened
  3795 | D:5      | Reached skill level 1 in Long Blades
  3809 | D:5      | Reached skill level 2 in Long Blades
  4287 | D:6      | Reached skill level 3 in Long Blades
  4538 | D:6      | Gained mutation: You are somewhat unskilled. (-1 Apt) [Ru
                  | sacrifice]
  4538 | D:6      | Reduced skill Long Blades to level 2
  4538 | D:6      | Reduced skill Shields to level 5
  4538 | D:6      | Reached * piety under Ru
  4672 | D:6      | Reached skill level 3 in Long Blades
  4913 | D:7      | Reached XP level 9. HP: 68/68 MP: 9/9
  5423 | D:7      | Reached skill level 4 in Long Blades
  5546 | D:7      | Found a bloodstained altar of Trog.
  5646 | D:7      | Found a snail-covered altar of Cheibriados.
  5933 | D:7      | Found a runed translucent door.
  5934 | D:7      | Noticed Crazy Yiuf
  6049 | D:8      | Noticed Psyche
  6089 | D:7      | Noticed Psyche
  6089 | D:7      | Psyche changed into Psyche the hog
  6110 | D:7      | Killed Psyche the hog
  6246 | D:7      | Reached skill level 5 in Long Blades
  6275 | D:7      | Gained mutation: You cannot read scrolls while threatened.
                  | [Ru sacrifice]
  6275 | D:7      | Reached ** piety under Ru
  6275 | D:7      | Reached *** piety under Ru
  6300 | D:7      | Reached XP level 10. HP: 33/77 MP: 10/10
  6594 | D:8      | Found a sparkling altar of Nemelex Xobeh.
  6594 | D:8      | Noticed a two-headed ogre
  6662 | D:8      | Reached skill level 6 in Long Blades
  6673 | D:8      | Reached skill level 8 in Long Blades
  6673 | D:8      | Reached XP level 11. HP: 80/87 MP: 11/11
  6690 | D:8      | Noticed Grum
  6720 | D:8      | Killed Grum
  6949 | D:8      | Reached skill level 9 in Long Blades
  7171 | D:8      | Noticed a two-headed ogre
  7185 | D:8      | Killed a two-headed ogre
  7659 | D:8      | Noticed a three-headed hydra
  7666 | D:8      | Killed a one-headed hydra
  7784 | D:9      | Noticed a death yak
  7786 | D:9      | Noticed a death yak
  7843 | D:8      | Killed a death yak
  7857 | D:9      | Found Ariseum's Armour Shop.
  7939 | D:9      | Reached skill level 10 in Long Blades
  7953 | D:9      | Found Qiungep's Antique Armour Shoppe.
  8050 | D:9      | Noticed a death yak
  8135 | D:9      | Killed a death yak
  8135 | D:9      | Reached XP level 12. HP: 60/95 MP: 12/12
  8156 | D:9      | Killed a death yak
  8186 | D:9      | Noticed a two-headed ogre
  8412 | D:9      | Gained mutation: You are hated by all. [Ru sacrifice]
  8412 | D:9      | Reached **** piety under Ru
  8420 | D:9      | Found a staircase to the Lair.
  8438 | D:9      | Killed a two-headed ogre
  8523 | D:9      | Found Henur's Food Shoppe.
  8577 | D:9      | Found Weqo's Weapon Shop.
  8977 | D:10     | Entered Level 10 of the Dungeon
  9196 | D:10     | Reached skill level 11 in Long Blades
  9240 | D:10     | Reached skill level 10 in Armour
  9455 | D:10     | Reached skill level 10 in Fighting
  9660 | D:10     | Noticed a two-headed ogre
  9670 | D:10     | Killed a two-headed ogre
  9703 | D:10     | Found Acufaovi's Changing Room.
  9714 | D:10     | Gained mutation: You cannot be stealthy. [Ru sacrifice]
  9714 | D:10     | Reached ***** piety under Ru
 10158 | D:11     | Noticed Erolcha
 10159 | D:11     | Killed Erolcha
 10159 | D:11     | Reached XP level 13. HP: 75/104 MP: 13/13
 10641 | D:11     | Reached skill level 12 in Long Blades
 10843 | D:12     | Noticed a centaur warrior
 10876 | D:12     | Killed a centaur warrior
 10900 | D:12     | Found a flagged portal.
 10913 | Bailey   | Entered a bailey
 11246 | Bailey   | Found the +2 pair of boots of the Assassin {Detection Stab+
                  | Stlth++}
 11248 | Bailey   | Got dazzling fire dragon scales
 11261 | Bailey   | Identified the +4 fire dragon scales "Nyxokoko" {*Contam
                  | +Fly rF++ rC- rCorr Dex+7} (You found it in a bailey)
 11769 | D:12     | Found a staircase to the Orcish Mines.
 11960 | D:12     | Found a sparkling altar of Nemelex Xobeh.
 12393 | D:12     | Found an iron altar of Okawaru.
 13026 | D:13     | Reached skill level 13 in Long Blades
 13193 | D:13     | Reached XP level 14. HP: 103/113 MP: 14/14
 14351 | D:13     | Found a gate to the Vaults.
 14740 | D:14     | Reached skill level 14 in Long Blades
 15035 | D:15     | Entered Level 15 of the Dungeon
 16047 | D:15     | Noticed Azrael
 16206 | D:15     | Reached XP level 15. HP: 116/122 MP: 9/15
 16530 | D:15     | Found Gunaoghithri's Armour Shop.
 16844 | D:7      | Killed Crazy Yiuf
 16933 | D:5      | Bought the +11 plutonium sword {*Contam Stlth-} for 1000
                  | gold pieces
 16933 | D:5      | Found the +11 plutonium sword {*Contam Stlth-}
 16977 | D:6      | Gained mutation: Your spells are a little easier to cast,
                  | but a little less powerful. [mutagenic glow]
 17682 | D:15     | Killed Azrael
 17739 | D:15     | Found a staircase to the Depths.
 17821 | Depths:1 | Entered Level 1 of the Depths
 17821 | Depths:1 | Noticed a stone giant
 17825 | Depths:1 | Reached skill level 15 in Long Blades
 17833 | Depths:1 | Killed a stone giant
 17833 | Depths:1 | Noticed a tengu reaver
 17840 | Depths:1 | Noticed Sojobo
 17857 | Depths:1 | Killed a tengu reaver
 17869 | Depths:1 | Noticed a tengu reaver
 17871 | Depths:1 | Noticed Sojobo
 17871 | Depths:1 | Sojobo changed into Sojobo the titan
 17875 | Depths:1 | Killed from afar by Sojobo the titan

Levels and vault maps discovered:
D:1:      minmay_arrival_semitransparent, layout_loops_corners
D:2:      layout_basic
D:3:      layout_loops_ring, first_ration, uniq_natasha, uniq_terence, uniq_ijyb
D:4:      layout_loops_ring
D:5:      layout_basic, minmay_temple_entry_glassed_door, serial_shops,
          nicolae_shop_waterfront
D:6:      layout_basic
D:7:      layout_basic, cheibriados_altar_1, trog_hazing_becter,
          uniq_crazy_yiuf_cottage
D:8:      layout_rooms, basic_altar, hangedman_ranch [blue_anna_fruit_fields],
          eino_jars, uniq_psyche, uniq_grum
D:9:      layout_cave_pools, dpeg_lair_monsters, serial_shops,
          kennysheep_little_box, shop, shop, shop, kennysheep_kite_vault
D:10:     layout_rooms, nicolae_transmutations_shop
D:11:     layout_loops_cross, minmay_unpleasant_kobolds, uniq_erolcha
D:12:     layout_loops_ring, orc_0_dummy, enter_bailey_2, serial_rivers,
          chequers_serial_rivers_small_3, chequers_serial_rivers_room_a,
          chequers_serial_rivers_small_3, chequers_serial_rivers_micro_c,
          basic_altar, okawaru_humans
D:13:     layout_layer_cave, grunt_vaults_entry_tiered
D:14:     layout_cave_pools, fountainhead
D:15:     grunt_enter_depths_hoard, layout_stronghold, serial_shops, shop,
          uniq_azrael
Temple:   compressed_dpeg_circular_temple
Depths:1: layout_basic, abyss_entry, hell_entry, evilmike_ruin_ashenzari,
          brannock_guarded_unrand_thermic_engine, firewood_loft,
          uniq_enchantress, uniq_asterion, uniq_sojobo, uniq_saint_roka

Skill      XL: |  1  2  3  4  5  6  7  8  9 10 11 12 13 14 15 |
---------------+----------------------------------------------+-----
Shields        | 4 5 6 7 9 |  9.1
Axes           | 3 4 5 |  5.1
Fighting       | 4 5 6 8 9 10 11 12 | 12.9
Armour         | 4 5 6 8 9 10 11 12 13 | 13.0
Long Blades    | 3 5 8 10 11 13 14 15 | 15.2

Action                   |  1- 3 |  4- 6 |  7- 9 | 10-12 | 13-15 || total
-------------------------+-------+-------+-------+-------+-------++-------
Melee: War axe           |   123 |   122 |   494 |       |       ||   739
       Long sword        |       |       |    21 |    84 |       ||   105
       Falchion          |       |       |       |   639 |  1218 ||  1857
       Triple sword      |       |       |       |       |    81 ||    81
Invok: Sacrifice Skill   |       |       |     1 |       |       ||     1
       Draw Out Power    |       |       |     1 |       |     2 ||     3
       Sacrifice Words   |       |       |     1 |       |       ||     1
       Power Leap        |       |       |       |     1 |     6 ||     7
       Sacrifice Stealth |       |       |       |     1 |       ||     1
       Sacrifice Love    |       |       |       |     1 |       ||     1
       Apocalypse        |       |       |       |       |     8 ||     8
       Reject Sacrifices |       |       |       |       |     2 ||     2
 Abil: Dig               |       |       |     2 |     7 |     9 ||    18
Evoke: Wand              |       |       |     7 |     1 |     3 ||    11
       Lightning rod     |       |       |       |       |     7 ||     7
       Lamp of fire      |       |       |       |       |     2 ||     2
  Use: Potion            |       |       |     1 |     2 |     8 ||    11
       Scroll            |       |       |       |    26 |     5 ||    31
 Stab: Distracted        |       |       |     1 |     3 |     5 ||     9
       Invisible         |       |       |       |     4 |    17 ||    21
       Paralysed         |       |       |       |       |    23 ||    23
       Confused          |       |       |       |       |     1 ||     1
       Petrifying        |       |       |       |       |     1 ||     1
  Eat: Chunk             |       |     4 |    21 |    14 |    32 ||    71
       Ration            |       |       |     3 |       |     1 ||     4
Armor: Scale mail        |    88 |     6 |       |       |       ||    94
       Chain mail        |       |    78 |   292 |   265 |    78 ||   713
       Fire dragon scale |       |       |       |       |   284 ||   284
Dodge: Dodged            |    58 |    26 |   131 |   152 |   277 ||   644
Block: Shield            |    89 |    67 |   271 |   341 |   548 ||  1316
       Rpst.: Long sword |       |       |       |     3 |       ||     3
       Falchion          |       |       |       |    44 |    68 ||   112
       Triple sword      |       |       |       |       |     5 ||     5
